[Event "Austrian Championship 2022"]
[Site "Vienna"]
[Date "2022.08.14"]
[Round "3.3"]
[White "Borrmann, Laurenz"]
[Black "Stanec, Nikolaus"]
[Result "0-1"]
[ECO "B39"]
[WhiteElo "2274"]
[BlackElo "2460"]
[Annotator "TA"]
[PlyCount "102"]
[EventDate "2022.08.12"]
[EventType "swiss"]
[EventCountry "AUT"]
[SourceTitle "playchess.com"]
[Source "ChessBase"]
[SourceQuality "1"]
[TimeControl "40/5400+30:1800+30"]

1. e4 c5 2. Nf3 g6 3. c4 Nc6 4. d4 cxd4 5. Nxd4 Bg7 6. Be3 Nf6 7. Nc3 Ng4 8. Qxg4 Bxd4 9. Bxd4 Nxd4 10. O-O-O {[%emt 0:10:44] Prevents Nc2. B39: Sicilian: Maroczy Bind with 5...Bg7 and 7...Ng4.} e5 11. Qg3 d6 12. Ne2 (12. f4 $1 $16 ) 12... Nxe2+ $11 13. Bxe2 {[%emt 0:00:06] [#]} O-O $146 (13... Be6 $11) ({Predecessor:} 13... Be6 14. Kb1 Qc7 15. Qa3 Qc5 16. Rxd6 {½-½ (16) Levin,F (2535)-Pajeken,W (2337) Hamburg 2001}) 14. Rd2 ({White should try} 14. h4 $16) 14... Be6 15. Kb1 b5 16. Rhd1 bxc4 17. Rxd6 Qa5 {[%emt 0:00:20] aiming for ...Rab8.} 18. Qc3 Qc5 19. f3 Rab8 20. h3 a5 21. Ra6 (21. R1d2 $11) 21... Rb4 (21... Qf2 $17 22. Rxe6 Qxe2) 22. Rd2 Rfb8 23. Kc1 $1 ({Much weaker is} 23. Bd1 Bc8 24. Rf6 (24. Rd8+ $2 Kg7 $19) 24... Kg7 $17) 23... Ra4 $1 ({Don't play} 23... Qg1+ 24. Bd1 $11) 24. Kb1 (24. Rxe6 $1 $15 fxe6 25. b3) 24... Ra3 (24... h5 $142) 25. Ra8 Rxa8 (25... Rxc3 $17 26. Rxb8+ Kg7 27. bxc3 h5) 26. Qxa3 $15 Qxa3 (26... Qf2 {feels hotter.} 27. g4 a4 28. Qc3 a3) 27. bxa3 $17 {[%emt 0:00:03][%mdl 4096] Endgame KRB-KRB} c3 $1 28. Rc2 Rc8 29. Bb5 (29. Ba6 $15 Rb8+ 30. Kc1) 29... f5 {[%emt 0:02:06] Black is more active.} 30. Kc1 (30. Rc1 $17) 30... Kg7 (30... f4 $1 $19 {has better winning chances. Threatens to win with ...Kg7.} 31. Ba4 Kg7) 31. Ba4 (31. Ba6 $17 {keeps fighting.} Rc5 32. exf5 gxf5 33. Bd3) 31... Rc5 (31... f4 $1 $19 {is more deadly. ...Kh6 is the strong threat.} 32. Rf2 Bc4) 32. Bb3 Bc8 33. Re2 Ba6 34. Re1 c2 $1 35. Kd2 $2 (35. exf5 $15 gxf5 36. Bxc2) 35... c1=Q+ 36. Rxc1 Rxc1 37. Kxc1 $19 {[%emt 0:00:04] KB-KB} Bf1 38. exf5 gxf5 39. g3 {[%emt 0:02:08] [#]} Bxh3 ({Black should play} 39... f4 $1 $19 40. gxf4 exf4) 40. Kd2 $2 {[%emt 0:00:40] [#]} (40. Bd5 $17 {was forced.}) 40... f4 $1 41. g4 (41. gxf4 exf4 42. Ke1) 41... e4 42. fxe4 Bxg4 43. e5 h5 44. Ke1 Kg6 45. Bc2+ Kg5 46. Kf2 Be6 47. Be4 Bxa2 48. Kg2 Be6 {[%emt 0:00:57] ( -> ...Bf5)} 49. Bf3 Bg4 50. Be4 f3+ 51. Kf2 Kf4 {[%emt 0:00:16][%csl LRe4,LRe5] Weighted Error Value: White=1.06/Black=0.15 (very precise)} 0-1

[Event "Austrian Championship 2022"]
[Site "Vienna"]
[Date "2022.08.14"]
[Round "3.3"]
[White "Mayrhuber, Tobias"]
[Black "Teuschler, Barbara"]
[Result "0-1"]
[ECO "C41"]
[WhiteElo "2010"]
[BlackElo "2097"]
[Annotator "NA RC"]
[PlyCount "62"]
[EventDate "2022.08.12"]
[EventType "swiss"]
[EventCountry "AUT"]
[SourceTitle "playchess.com"]
[Source "ChessBase"]
[SourceQuality "1"]
[TimeControl "40/5400+30:1800+30"]

1. e4 e5 2. Nf3 d6 3. d4 exd4 4. Nxd4 Nf6 5. Nc3 Be7 $14 6. Bc4 O-O 7. Bb3 Re8 8. O-O Nbd7 9. f4 Bf8 10. Nf3 Nc5 11. Re1 c6 12. Ng5 Nxb3 13. axb3 d5 14. h3 h6 15. Nf3 Qb6+ 16. Kh2 Nxe4 17. Be3 Qc7 18. Ne5 Bf5 19. Nxe4 Bxe4 20. c3 Bd6 21. g3 a6 22. Nf3 Rad8 23. b4 Bxf3 24. Qxf3 Re4 25. Bd4 f5 26. Qh5 Qf7 27. Qxf7+ Kxf7 28. Rxe4 dxe4 29. h4 Bxb4 30. Ra4 Be7 31. Ra5 Rd5 0-1

[Event "Austrian Championship 2022"]
[Site "Vienna"]
[Date "2022.08.14"]
[Round "3.4"]
[White "Diermair, Andreas"]
[Black "Kilgus, Georg"]
[Result "1/2-1/2"]
[ECO "D11"]
[WhiteElo "2452"]
[BlackElo "2386"]
[Annotator "TA"]
[PlyCount "101"]
[EventDate "2022.08.12"]
[EventType "swiss"]
[EventCountry "AUT"]
[SourceTitle "playchess.com"]
[Source "ChessBase"]
[SourceQuality "1"]
[TimeControl "40/5400+30:1800+30"]

1. d4 d5 2. Nf3 Nf6 3. g3 c6 4. Bg2 Bf5 5. c4 e6 6. Nc3 h6 7. Qb3 {[%emt 0:03:19] D11: Slav Defence: 3 Nf3 sidelines and 3...Nf6 4 e3 Bg4.} Qb6 8. c5 Qxb3 9. axb3 {[%emt 0:00:03] The position is equal.} Be7 10. b4 {[%emt 0:04:18] 10.h3 is the hot move.} a6 11. h3 Nbd7 12. g4 Bh7 13. Bf4 g5 14. Bh2 Ne4 {[%emt 0:24:38] [#]} 15. Nd2 $146 (15. e3 $11) ({Predecessor:} 15. Ne5 Rd8 16. Na4 Nef6 17. Kd2 Nxe5 18. Bxe5 O-O 19. Nb6 Nd7 20. Nxd7 Rxd7 21. e3 {½-½ (57) Dutra,A (2432)-Fuzishawa,R (2289) ICCF email 2012}) 15... Nxd2 $15 16. Kxd2 Bf6 17. e3 e5 18. f4 (18. Nxd5 $11 cxd5 19. Bxd5) 18... gxf4 19. exf4 exd4 20. Rhe1+ Kf8 21. Ne2 (21. Nxd5 $15 {deserves consideration.} cxd5 22. Bxd5) 21... Be4 (21... d3 $17 22. Ng3 Bxb2) 22. Bxe4 $11 dxe4 23. Ng3 e3+ 24. Kd3 (24. Ke2 $11) 24... b6 ({Black should play} 24... Bg7 $17 25. Nf5 Nf6 26. Kxd4 Nd5+ 27. Kc4 Bxb2) 25. Nh5 Be7 (25... bxc5 $11 26. Nxf6 Nxf6) 26. Kxd4 $14 bxc5+ 27. bxc5 Bxc5+ 28. Kc4 (28. Ke4 $14) 28... Rb8 $36 {[%emt 0:09:35][%mdl 2048] Black fights for an advantage.} 29. Re2 (29. Rxa6 $11 Rb4+ 30. Kc3) 29... Rb4+ $15 30. Kc3 Nb6 31. b3 {[%emt 0:00:00] Against Na4+} (31. f5 $17 Nd5+ 32. Kc2) 31... Nd5+ $19 32. Kc2 Re4 33. f5 Ke7 $1 34. Kd3 $2 (34. Bg3 $17) 34... Rd4+ 35. Kc2 Re4 {[%emt 0:01:29] Prevents Be5.} (35... Rd8 36. f6+ Kf8) 36. Kd3 Rd4+ (36... Rb4 $1 37. Kc2 Rb5) 37. Kc2 Nb4+ $2 (37... Rd8 38. Rc1 Rd2+ 39. Rxd2 Nb4+ 40. Kb1 Rxd2) 38. Kc3 {[%emt 0:00:00] [#]} Re4 ({Less strong is} 38... Rd3+ 39. Kc4 Bd4 40. Nf4 Bxa1 41. Nxd3 $14) 39. Ng3 Rf4 ({Better is} 39... Nd5+ $19 40. Kc2 Rf4) 40. Ra5 {[%emt 0:02:53] [#]} (40. Nh5 $17 {was called for.} Nd5+ 41. Kc2) 40... Nd5+ $1 41. Kb2 $2 (41. Kc2 {was the only defense.} Bb6 42. Ra4) 41... Bd4+ 42. Kc1 Nb4 43. f6+ Kd7 44. Rf5 {[%emt 0:00:38] [#]} Re8 $1 45. Kd1 (45. Rxf4 Nd3+) 45... Nd5 {[%emt 0:00:19] aiming for ...Nc3+.} 46. Rxf4 Nxf4 47. Ra2 Bxf6 {[%emt 0:01:11] And now ...Re6 would win.} ({But not} 47... Nxh3 $2 48. Nf5 e2+ 49. Rxe2 Nf2+ 50. Ke1 Rxe2+ 51. Kxe2 Nxg4 52. Nxd4 Nxh2 53. Kd3) 48. Rxa6 $2 (48. Nh5 {is a better chance.} Nxh5 49. gxh5) 48... Nxh3 $2 ({Worse is} 48... e2+ 49. Nxe2 Nxh3 50. Ra7+ Ke6 51. Ra4 $15) (48... Re5 $19 {has better winning chances. ( -> ...Rd5+)} 49. Ra2 Rd5+ 50. Kc2 e2 51. Nxe2 Nxe2 52. Ra7+ Ke6) 49. Ra7+ (49. Ke2 $17) 49... Ke6 50. Ke2 Bg5 (50... Nf2 $19 51. Nh5 Nxg4) 51. Nf5 {[%emt 0:02:03] Weighted Error Value: White=0.52/Black=0.58} 1/2-1/2

[Event "Austrian Championship 2022"]
[Site "Vienna"]
[Date "2022.08.14"]
[Round "3.4"]
[White "Ernst, Robert"]
[Black "Spiesberger, Gerhard"]
[Result "1-0"]
[ECO "A98"]
[WhiteElo "2001"]
[BlackElo "1972"]
[Annotator "NA RC"]
[PlyCount "53"]
[EventDate "2022.08.12"]
[EventType "swiss"]
[EventCountry "AUT"]
[SourceTitle "playchess.com"]
[Source "ChessBase"]
[SourceQuality "1"]
[TimeControl "40/5400+30:1800+30"]

1. d4 e6 2. c4 f5 3. Nc3 Nf6 4. Bg5 Be7 5. g3 O-O 6. Bg2 d6 7. Nf3 Qe8 8. O-O Qh5 9. Qc2 Nc6 10. Rad1 e5 11. dxe5 Nxe5 12. Bf4 Nxf3+ 13. Bxf3 Ng4 14. h4 g5 15. Nd5 Bd8 16. Bxg4 Qxg4 17. Bxg5 Bxg5 18. hxg5 Qxg5 19. Nxc7 f4 20. Qd3 Bh3 21. Nxa8 Bxf1 22. Rxf1 Rxa8 23. Qxd6 Rd8 24. Qxf4 Qc5 25. b3 b5 26. cxb5 Rf8 27. Qc4+ 1-0

[Event "Austrian Championship 2022"]
[Site "Vienna"]
[Date "2022.08.14"]
[Round "3.5"]
[White "Schwabeneder, Florian"]
[Black "Neumeier, Klaus"]
[Result "1-0"]
[ECO "E34"]
[WhiteElo "2430"]
[BlackElo "2257"]
[Annotator "TA"]
[PlyCount "65"]
[EventDate "2022.08.12"]
[EventType "swiss"]
[EventCountry "AUT"]
[SourceTitle "playchess.com"]
[Source "ChessBase"]
[SourceQuality "1"]
[TimeControl "40/5400+30:1800+30"]

1. d4 Nf6 2. c4 e6 3. Nc3 Bb4 4. Qc2 d5 5. cxd5 Qxd5 6. Nf3 Qf5 7. Qxf5 {[%emt 0:01:53] The old main line.} exf5 8. a3 Be7 9. Bf4 {[%emt 0:01:11] E34: Nimzo-Indian: Classical: 4...d5.} c6 10. e3 Nbd7 11. Be2 {[%emt 0:05:58] [#] The position is equal.} Nb6 $146 ({Predecessor:} 11... O-O 12. O-O Nb6 13. h3 Be6 14. Nd2 Rfe8 15. Rfd1 Nfd5 16. Nxd5 Nxd5 17. Bh2 Rad8 {0-1 (27) Giobbi,C (2278)-Feco,J (2279) ICCF email 2002}) 12. O-O Be6 13. Nd2 O-O 14. Rfc1 Nfd5 15. Be5 Rfd8 16. Nxd5 Nxd5 17. Nc4 a5 18. h3 a4 19. Bh2 c5 20. dxc5 Bxc5 21. Bf3 Ra6 22. Rd1 b5 (22... Be7 $11) 23. Ne5 $16 {[%emt 0:05:57][%cal Bc4e5,Be5c6,Bc6b8][%mdl 32] aiming for Rac1.} Be7 24. Rac1 Nf6 {[%emt 0:01:19] [#]} (24... Rdd6 $16 25. Rc5 Nf6 26. Rxb5 Rxd1+ 27. Bxd1 Bd6) 25. Rxd8+ $1 $18 Bxd8 {[%emt 0:00:01] [#]} 26. Nc6 $1 Bb6 27. Be2 {[%emt 0:04:07] White is more active.} Bc4 (27... Ra8 $16 28. Bxb5 g6) 28. Bxc4 bxc4 29. Rxc4 {[%emt 0:00:15] Nb8 is the strong threat.} g6 $2 (29... Kf8 {is a better defense.} 30. Bd6+ Ke8) 30. Nb8 (30. Be5 $142 Nd7 31. Nb8 Nxe5 32. Rc8+ Kg7 33. Nxa6) 30... Ra7 $2 (30... Ra5 31. Bd6 h6) 31. Rc8+ {[%emt 0:01:46] White is clearly winning.} Kg7 32. Be5 g5 33. Bxf6+ {[%emt 0:00:15] Weighted Error Value: White=0.13 (very precise) /Black=0.47} 1-0

[Event "Austrian Championship 2022"]
[Site "Vienna"]
[Date "2022.08.14"]
[Round "3.5"]
[White "Stadlinger, Matthias"]
[Black "Hoegl, Emanuel"]
[Result "1/2-1/2"]
[ECO "B12"]
[WhiteElo "1975"]
[BlackElo "2094"]
[Annotator "NA RC"]
[PlyCount "122"]
[EventDate "2022.08.12"]
[EventType "swiss"]
[EventCountry "AUT"]
[SourceTitle "playchess.com"]
[Source "ChessBase"]
[SourceQuality "1"]
[TimeControl "40/5400+30:1800+30"]

1. e4 c6 2. d4 d5 3. f3 Qb6 4. a4 a5 5. exd5 cxd5 $14 6. Nc3 e6 7. Nb5 Bd7 8. Bf4 Bxb5 9. Bxb5+ Nc6 10. Ne2 Nf6 11. O-O Be7 12. c3 O-O 13. Qd2 Na7 14. Bd3 Rfc8 15. g4 Nc6 16. Kh1 Qd8 17. Ng3 Bd6 18. Rae1 Bxf4 19. Qxf4 Qc7 20. Qe3 Re8 21. g5 Nd7 22. f4 g6 23. h4 Ne7 24. Bb5 Nf5 25. Nxf5 exf5 26. Qxe8+ Rxe8 27. Rxe8+ Nf8 28. Re5 Qd6 29. Kg2 Ne6 30. Kg3 h5 31. Rfe1 Kf8 32. R1e2 Qc7 33. Rxe6 fxe6 34. Rxe6 Kf7 35. Re5 Qd6 36. Kf3 Kf8 37. Ke3 Kg7 38. Kd2 Kf8 39. Kc2 Kg7 40. Kb1 Kf8 41. Ka2 Kg7 42. Bd3 Kf8 43. Kb3 Kg7 44. Kc2 Qd7 45. Bb5 Qd6 46. Kd3 Kf8 47. b3 Kg7 48. c4 Qa3 49. cxd5 Qxb3+ 50. Ke2 Qb2+ 51. Ke3 Qc1+ 52. Kd3 Qd1+ 53. Ke3 Qg1+ 54. Kd3 Qf1+ 55. Ke3 Qc1+ 56. Kf3 Qc3+ 57. Re3 Qxd4 58. Rd3 Qe4+ 59. Kg3 Qe1+ 60. Kf3 Qe4+ 61. Kg3 Qe1+ 1/2-1/2

[Event "Austrian Championship 2022"]
[Site "Vienna"]
[Date "2022.08.14"]
[Round "3.6"]
[White "Hengl, Philip"]
[Black "Kristoferitsch, Daniel"]
[Result "0-1"]
[ECO "B42"]
[WhiteElo "1968"]
[BlackElo "2312"]
[Annotator "TA"]
[PlyCount "72"]
[EventDate "2022.08.12"]
[EventType "swiss"]
[EventCountry "AUT"]
[SourceTitle "playchess.com"]
[Source "ChessBase"]
[SourceQuality "1"]
[TimeControl "40/5400+30:1800+30"]

1. e4 {[%emt 0:00:01] Metz Alekhine/Primel,D} c5 2. Nf3 e6 3. d4 cxd4 4. Nxd4 a6 5. Bd3 Bc5 6. Nb3 Be7 7. Qg4 g6 8. Qe2 d6 {[%emt 0:00:09] B42: Sicilian: Kan Variation: 5 Bd3.} 9. Nc3 Qc7 10. Bd2 Nd7 {[%emt 1:33:33][%cal Bb8d7,Bd7c5,Bc5d3][%mdl 32] White is slightly better.} 11. O-O-O b5 12. a3 Bb7 13. Kb1 {[%emt 0:05:14] [#]} Rc8 $146 ({Predecessor:} 13... Ngf6 14. Bh6 Ne5 15. f4 Nc4 16. Bxc4 Qxc4 17. Qxc4 bxc4 18. Na5 Nxe4 19. Nxb7 Nxc3+ 20. bxc3 {0-1 (42) Vaibhav,S (2494)-Korneev,O (2597) Metz 2012 EXT 2013 [Metz Alekhine/Primel,D]}) 14. f4 Ngf6 15. g4 Nc5 16. Rhe1 Nfd7 17. g5 {[%emt 0:16:50][%cal Oc3d5] White wants to play Nd5!} O-O 18. h4 Rfe8 19. h5 Bf8 20. Qf2 ({White should try} 20. Rc1 $14) 20... Nxd3 $11 21. cxd3 Nc5 $1 ({Don't play} 21... gxh5 22. Rh1 $14) 22. Nxc5 dxc5 23. f5 (23. hxg6 $15 fxg6 24. Be3) 23... b4 24. hxg6 fxg6 25. Ne2 (25. fxg6 $142 bxc3 26. gxh7+ Kh8 27. Bxc3+ Bg7 28. Bf6) 25... c4 $2 (25... exf5 $17 {and life is bright.} 26. exf5 Qd7) 26. Bxb4 $2 (26. fxg6 $1 $16 hxg6 27. Bxb4) 26... Bxb4 $15 (26... cxd3 {is interesting.} 27. Nc3 exf5 28. exf5 Rxe1 29. Rxe1 Bxb4 30. axb4 gxf5 31. Qxf5 d2) 27. axb4 {[%emt 0:00:06] And now fxg6 would win.} cxd3 28. Nc3 {[%emt 0:00:04] aiming for fxg6.} exf5 29. exf5 gxf5 {[%emt 0:00:00] Hoping for ...Rxe1.} 30. Rxe8+ Rxe8 31. Qxf5 {[%emt 0:02:19] [#]} Re3 (31... Be4 $1 $11 32. Qc5 Qb7) 32. Rxd3 (32. Rf1 $5 Qe7 33. g6 $14) 32... Re1+ 33. Ka2 {[%emt 0:01:41] Threatens to win with Rd7.} Bc8 {[%emt 0:00:11] Against Rd7} 34. Qc5 (34. Qf2 $11 {and White has nothing to worry.} Qf7+ 35. Qxf7+ Kxf7 36. Rd6) 34... Be6+ $19 35. Nd5 {[%emt 0:00:42] [#]} Qxc5 36. bxc5 Re5 $1 {[%emt 0:00:07][%csl LRd5,LRg5] Weighted Error Value: White=0.44/Black=0.30} 0-1

[Event "Austrian Championship 2022"]
[Site "Vienna"]
[Date "2022.08.14"]
[Round "3.7"]
[White "Exler, Veronika"]
[Black "Kuntner, Reinhard"]
[Result "1-0"]
[ECO "A30"]
[WhiteElo "2132"]
[BlackElo "2010"]
[Annotator "RC"]
[PlyCount "107"]
[EventDate "2022.08.12"]
[EventType "swiss"]
[EventCountry "AUT"]
[SourceTitle "playchess.com"]
[Source "ChessBase"]
[SourceQuality "1"]
[TimeControl "40/5400+30:1800+30"]

1. d4 d5 2. Nf3 Nf6 3. g3 c5 4. Bg2 Nc6 5. O-O Bf5 6. c4 e6 7. cxd5 Nxd5 8. Nc3 Nxc3 9. bxc3 Be7 10. Be3 O-O 11. dxc5 Qa5 12. Nd4 Rfd8 13. Bxc6 bxc6 14. Nxc6 Rxd1 15. Nxa5 Rd5 16. c4 Rd7 17. Rad1 Rc7 18. Nb3 e5 19. f4 Be6 20. Rd5 exf4 21. gxf4 g6 22. f5 gxf5 23. Kh1 f6 24. Rc1 Kf7 25. Rd3 Rac8 26. Bf4 Rc6 27. Be3 Ra6 28. Rd2 Ra3 29. Bf4 Bxc5 30. Nxc5 Rxc5 31. Bd6 Raa5 32. Bxc5 Rxc5 33. Rdc2 f4 34. Kg2 Kg6 35. Kf3 Kf5 36. Rc3 Bf7 37. Kf2 Ke4 38. Rh3 h5 39. Ra3 a5 40. Rac3 Be6 41. e3 f3 42. Rd1 Rc7 43. Rd4+ Ke5 44. Kxf3 Bg4+ 45. Kf2 Be6 46. Ra3 Ra7 47. Rb3 f5 48. Ke2 Ra6 49. Kd3 Kf6 50. a3 Bf7 51. Rb8 Rc6 52. Rb5 Ra6 53. c5 Kg5 54. h4+ 1-0

[Event "Austrian Championship 2022"]
[Site "Vienna"]
[Date "2022.08.14"]
[Round "3.7"]
[White "Scheffknecht, Philipp"]
[Black "Schreiner, Peter"]
[Result "0-1"]
[ECO "A05"]
[WhiteElo "2093"]
[BlackElo "2416"]
[Annotator "TA"]
[PlyCount "80"]
[EventDate "2022.08.12"]
[EventType "swiss"]
[EventCountry "AUT"]
[SourceTitle "playchess.com"]
[Source "ChessBase"]
[SourceQuality "1"]
[TimeControl "40/5400+30:1800+30"]

1. Nf3 Nf6 2. g3 d5 3. Bg2 c5 4. O-O g6 5. b3 Bg7 6. Bb2 O-O 7. e3 Nc6 8. d4 Ne4 9. Nbd2 Qa5 {[%emt 0:06:11] A05: Réti Opening: 1 Nf3 Nf6.} 10. Nxe4 dxe4 11. Nd2 (11. Ne5 $11) 11... cxd4 $15 {[%emt 0:03:15] Black is slightly better.} 12. exd4 Nxd4 {[%emt 0:02:47] [#] aiming for ...f5.} 13. Bxe4 $146 ({Predecessor:} 13. Nc4 Qc5 14. Bxe4 Bh3 15. Re1 Rad8 16. c3 Ne6 17. Qe2 b5 18. Na5 Qg5 19. Rad1 {1-0 (33) Almer,G (2124)-Rohler,S (2168) Austria 2017}) 13... Rd8 14. Nc4 Qc7 {[%emt 0:06:01][%cal Od4b3] Black is more active.} 15. c3 {[%emt 0:04:03] [#]} Ne6 (15... Nxb3 $1 $17 16. Qxb3 Be6 17. Qxb7 Qxc4) 16. Qe2 Nc5 17. Rfe1 (17. Bf3 $15) 17... Nxe4 $17 18. Qxe4 {[%emt 0:00:09] [#]} b5 $1 19. Qxa8 {[%emt 0:12:31][%cal Oa1d1] [#] Hoping for Rad1!} (19. Na3 Ba6) 19... Bb7 $1 {[%emt 0:00:11] This bishop pair is nice.} 20. Qxd8+ Qxd8 21. Rad1 {[%emt 0:00:47] Inhibits Qd5.} Qc7 22. Ne3 h5 $40 {[%emt 0:06:42][%mdl 128] Black has some attack.} ({Stronger than} 22... Bxc3 23. Bxc3 Qxc3 24. h3 $17) ({Not} 22... b4 23. Nd5 Bxd5 24. Rxd5 $17) (22... e6 $19 {White must now prevent ...h5.} 23. Nc2 g5) 23. Nd5 $15 Bxd5 24. Rxd5 b4 (24... h4 $5) 25. Rd2 $2 {[%emt 0:02:26] Black converts the advantage convincingly.} (25. Rc1 $11 {and White is okay.}) 25... bxc3 $19 26. Rc2 Qa5 27. Bc1 (27. Ba1) 27... h4 28. gxh4 Qf5 {[%emt 0:01:33] Black is clearly winning.} 29. Ree2 (29. Rce2 $142 Bd4 30. Bg5) 29... Bd4 30. Be3 e5 31. Bg5 f6 32. Bc1 Qg4+ 33. Kh1 Qxh4 34. Ba3 Qg4 35. Bb4 Qf3+ 36. Kg1 Qd3 37. Kg2 e4 {[%emt 0:01:12] Strongly threatening ...f5.} 38. Bd6 g5 {[%emt 0:00:32] Threatens to win with ...f5.} 39. Kf1 Qd1+ 40. Kg2 f5 {[%emt 0:00:11] Weighted Error Value: White=0.95/Black=0.28 (precise)} 0-1

[Event "Austrian Championship 2022"]
[Site "Vienna"]
[Date "2022.08.14"]
[Round "3.8"]
[White "Leisch, Lukas"]
[Black "Nolz, Tom"]
[Result "1-0"]
[ECO "A28"]
[WhiteElo "2404"]
[BlackElo "2230"]
[Annotator "TA"]
[PlyCount "117"]
[EventDate "2022.08.12"]
[EventType "swiss"]
[EventCountry "AUT"]
[SourceTitle "playchess.com"]
[Source "ChessBase"]
[SourceQuality "1"]
[TimeControl "40/5400+30:1800+30"]

1. c4 Nf6 2. Nc3 e5 3. d3 d5 4. cxd5 Nxd5 5. Nf3 Nc6 6. a3 Be7 {[%emt 0:00:49] A28: English Opening: Four Knights Variation.} 7. g3 {[%emt 0:02:09] was the old line (7.e3).} Be6 8. Bg2 Nxc3 {[%emt 0:03:22] Black is slightly better.} 9. bxc3 e4 {[%emt 0:00:05] [#]} 10. dxe4 $146 (10. Nd4 {keeps more tension.} Nxd4 11. cxd4 Qxd4 12. Be3) ({Predecessor:} 10. Nd4 Nxd4 11. cxd4 Qxd4 12. Be3 Qc3+ 13. Bd2 Qb2 14. Bxe4 Bb3 15. Qb1 Qxb1+ 16. Rxb1 {1-0 (31) De Freytas,P (1787)-Bekker,M (1623) Spijkenisse 2010}) 10... Qxd1+ 11. Kxd1 Bb3+ (11... O-O-O+ {is more complex.} 12. Kc2 Bc5 13. e3 Na5) 12. Ke1 O-O-O 13. Bb2 Na5 14. c4 Nxc4 (14... Rhg8 $15 15. Nd2 Nxc4 16. Nxb3 Nxb2) 15. Bxg7 Rhg8 16. Bc3 Kb8 (16... Bxa3 17. Nd4 Ba4 18. f4 $14) 17. h4 (17. Nd4 $11 Ba4 18. Nf5) 17... Nxa3 $15 {[%emt 0:02:00] aiming for ...Nc2+.} (17... Bxa3 18. Ng5 $11) 18. Kf1 $1 Nb5 19. Be5 (19. Bd2 $15 {was preferrable.}) 19... a5 20. Bh3 $1 a4 $36 {[%emt 0:01:58][%mdl 2048] Black has good play.} 21. h5 (21. Kg2 $1 $15) 21... f6 $19 22. Bf4 a3 ({Better is} 22... Rd1+ $1 $19 23. Rxd1 Bxd1) 23. Bf5 (23. Kg2 $1 $15) 23... Bb4 (23... Rd1+ $1 $19 24. Kg2 Rxh1 25. Rxh1 a2 26. Bxh7 Rh8) 24. Kg2 $17 Bc3 $1 25. Rab1 Bc4 26. Rbc1 Rg7 27. e5 (27. h6 $17 Re7 28. Bd2 Bxd2 29. Rxc4) 27... Bxe2 $19 28. Rxc3 Nxc3 29. exf6 Rf7 30. Be5 {[%emt 0:00:56] Hoping for Ng5.} Rd5 (30... Nd5 $1 $17 {...Re8 is the strong threat.} 31. Ng5 Rxf6 32. Bxh7 Rh6) 31. Be6 $15 Bxf3+ 32. Kxf3 {[%emt 0:00:01] [#]} Rxe5 33. Bxf7 {[%emt 0:00:04][%mdl 4096] Endgame And now g4 would win. KRB-KRN} Rf5+ 34. Ke3 Rxf6 35. Bg8 h6 (35... a2 $17 {Strongly threatening ...Rd6.} 36. Ra1 Rd6) 36. g4 (36. Ra1 $11 {keeps the balance.}) 36... Rf8 $17 37. Bb3 c6 (37... Re8+ $1 $17 38. Kd3 Ne4) 38. f4 $15 Re8+ 39. Kf3 (39. Kd3 $15 Ne4 40. Rh2) 39... Ne2 $17 40. Rd1 {[%emt 0:02:26] Against Nd4+} (40. Ba2 $17 Nd4+ 41. Kg3) 40... c5 $1 $19 41. Bc4 Nd4+ 42. Kf2 Re4 43. Kg3 Re3+ 44. Kg2 b5 45. Bf7 a2 $2 ({Black should try} 45... Re7 $19 46. Bg6 Re2+ 47. Kg3 Re3+ 48. Kg2 Kc7) 46. g5 $1 $11 hxg5 47. fxg5 Rd3 48. Ra1 Nf3 $2 (48... Nf5 $1 $11) 49. g6 $18 {[%emt 0:01:06] Black must now prevent g7.} Nh4+ {[%emt 0:00:12] [#]} 50. Kh2 $1 Nf5 51. g7 Rd2+ $2 (51... Nh6 52. Rxa2 Rd4) 52. Kh3 Rd3+ 53. Kh2 $2 (53. Kg4 Nh6+ 54. Kf4) 53... Rd2+ {[%emt 0:00:13] [#]} (53... Nxg7 $2 54. h6 Nf5 55. h7 Rd2+ 56. Kh1 $18 (56. Kg1 Rd8 $14)) 54. Kh3 $2 (54. Kh1 $1 Nh6 55. g8=Q+ (55. Bxa2 Rd4 $14) (55. Rxa2 Rxa2 56. Bxa2 c4 $18) 55... Nxg8 56. Bxg8 (56. Rxa2 Rxa2 57. Bxa2 c4 $17)) 54... Rd3+ $1 (54... Nxg7 $2 55. h6 Nf5 56. h7 Rd3+ 57. Kh2 Rd2+ 58. Kh3 (58. Kg1 Rd8 $14) 58... Rd3+ 59. Kh2 Rd2+ 60. Kh1 $18 (60. Kg1 Rd8 $11)) 55. Kg4 Nxg7 (55... Nh6+ 56. Kf4 Kb7) 56. h6 {[%emt 0:00:07] White is clearly winning.} Rd2 57. Rxa2 Rd1 58. Rg2 Rd4+ 59. Kg5 {[%emt 0:00:25] Weighted Error Value: White=0.47/Black=0.35} 1-0

[Event "Austrian Championship 2022"]
[Site "Vienna"]
[Date "2022.08.14"]
[Round "3.8"]
[White "Miazhynski, Michael"]
[Black "Balint, Peter"]
[Result "1-0"]
[ECO "B22"]
[WhiteElo "1994"]
[BlackElo "2051"]
[Annotator "NA RC"]
[PlyCount "131"]
[EventDate "2022.08.12"]
[EventType "swiss"]
[EventCountry "AUT"]
[SourceTitle "playchess.com"]
[Source "ChessBase"]
[SourceQuality "1"]
[TimeControl "40/5400+30:1800+30"]

1. e4 c5 2. Nf3 e6 3. c3 d5 4. exd5 Qxd5 5. d4 Nc6 6. Be2 Nf6 7. O-O Be7 8. Be3 $11 cxd4 9. cxd4 O-O 10. Nc3 Qd6 11. Rc1 a6 12. Qd2 Nb4 13. Bf4 Qd8 14. Ne5 Nbd5 15. Bf3 Nxf4 16. Qxf4 Bd6 17. Rfd1 Qe7 18. Qe3 Rb8 19. a3 Bd7 20. d5 Rfe8 21. Nxd7 Qxd7 22. dxe6 Rxe6 23. Qa7 Qe7 24. Nd5 Nxd5 25. Bxd5 Re5 26. Qxb8+ Bxb8 27. Rc8+ Qe8 28. Rxe8+ Rxe8 29. Bxb7 a5 30. b4 axb4 31. axb4 Kf8 32. b5 Ba7 33. Bc6 Rc8 34. Rd7 Bc5 35. g3 Rb8 36. Kg2 f6 37. h4 Be7 38. Kf3 Kf7 39. Bd5+ Ke8 40. Ra7 h5 41. Ke4 g6 42. Kd4 Kf8 43. Kc4 g5 44. hxg5 fxg5 45. Ra6 Kg7 46. Re6 Bd8 47. Re8 Kf6 48. b6 g4 49. b7 Bc7 50. Re6+ Kg5 51. Re7 Bd6 52. Rd7 Be5 53. Re7 Bd6 54. Rh7 Kg6 55. Rd7 Be5 56. Re7 Kf5 57. Rh7 Kg6 58. Be4+ Kf6 59. Rxh5 Rg8 60. Rf5+ Ke6 61. Bd5+ Kxf5 62. Bxg8 Bb8 63. Kd5 Ba7 64. Be6+ Kg5 65. Kc6 Bb8 66. Kd7 1-0